cohdb
Replays
Latest Replays
All Replays
Popular Replays
Top Player Replays
Match Explorer
How It Works
Community
CoH3 Stats
Reddit
Sign in to upload your games and track your stats! →
Sign in with Steam
Match 44152027
Unlisted
Match 44152027
Overview
Messages
Build Orders
End
Vickers Machine Gun Team
Construct Section Command Post
Selects Canadian Shock Battlegroup
Infantry Section
ML 3-inch Mortar Team
Infantry Section
Selects Attacking Spirit
Selects Canadian Shock Section
Construct Platoon Command Post
CMP 15cwt Truck
6-pounder Anti-tank Gun Team
Grenade Package
Canadian Shock Section
Unlock Bishop Self-propelled Artillery
Forward Retreat Point
Selects Burnout
Selects Pyrotechnics
Bishop Self-propelled Artillery
Burnout
6-pounder Anti-tank Gun Team
Bishop Self-propelled Artillery
Burnout
Construct Company Command Post
Syrasor
ReverseAverage
ian.hoeree
OddBall_ESP
Oncle-Hô
vespasianxci
0
0
Comments
sign in to comment!
No comments posted yet!